 Dungeon Crawl Stone Soup version 0.30-b1-2-g02819fbbbe (webtiles) character file.

Game seed: 4080108002536221113

1156 Borgoz the Ducker (level 8, -4/61 HPs)
             Began as a Human Gladiator on June 25, 2023.
             Slain by an orc warrior
             ... wielding a +0 trident
              (6 damage)
             ... on level 7 of the Dungeon.
             The game lasted 00:07:29 (4298 turns).

Borgoz the Ducker (Human Gladiator)                 Turns: 4298, Time: 00:07:30

Health: -4/61      AC:  8    Str: 18 (19) XL:     8   Next: 66%
Magic:  8/8        EV: 13    Int:  6 (8)  God:
Gold:   215        SH:  5    Dex: 19 (22) Spells: 7/7 levels left

rFire   . . .        b - +1 short sword (speed)
rCold   . . .        r - +0 buckler
rNeg    . . .        q - +0 ring mail of Yredelemnul's Envy {Str+3 Stlth+}
rPois   .            c - +0 helmet
rElec   .            n - scarf {shadows}
rCorr   .            (no gloves)
SInv    .            o - +0 pair of boots
Will    .....        (no amulet)
Stlth   +++          v - +6 ring of dexterity
HPRegen 0.30/turn    g - +4 ring of slaying
MPRegen 0.11/turn

%: no passive effects
@: no status effects
A: no striking features
a: no special abilities


You were on level 7 of the Dungeon.
You visited 2 branches of the dungeon, and saw 7 of its levels.

You collected 215 gold pieces.

Inventory:

Hand Weapons
 a - a +0 rapier
 b - a +1 short sword of speed (weapon)
Missiles
 e - 4 javelins
 t - a poisoned dart (quivered)
Armour
 c - a +0 helmet (worn)
 n - a scarf of shadows (worn)
 o - a +0 pair of boots (worn)
 q - the +0 ring mail of Yredelemnul's Envy (worn) {Str+3 Stlth+}
   (You found it on level 2 of the Dungeon)

   Str:       It affects your strength (+3).
   Stlth:     It makes you more stealthy.
 r - a +0 buckler (worn)
Jewellery
 g - a +4 ring of slaying (right hand)
 u - a ring of protection from cold
 v - a +6 ring of dexterity (left hand)
Wands
 s - a wand of flame (14)
 y - a wand of polymorph (12)
Scrolls
 d - a scroll of magic mapping {unknown}
 f - 3 scrolls of teleportation
 h - a scroll of noise {unknown}
 j - a scroll of acquirement {unknown}
 m - 2 scrolls of fear
 p - a scroll of amnesia {unknown}
 w - a scroll of blinking {unknown}
 x - a scroll of vulnerability {unknown}
 A - a scroll of summoning {unknown}
Potions
 i - a potion of flight {unknown}
 k - 2 potions of attraction
 l - a potion of resistance


   Skills:
 + Level 4.5 Fighting
 + Level 5.1 Short Blades
 - Level 2.0 Throwing
 + Level 3.9 Armour
 + Level 5.1 Dodging
 + Level 3.9 Stealth
 + Level 2.7 Shields


You had 7 spell levels left.
You didn't know any spells.
Your spell library contained the following spells:

 Spells                   Type           Power      Damage    Failure   Level
 Necrotise                Necr           0%         1d4       73%         1
 Vampiric Draining        Necr           0%         2d6       97%         3
 Agony                    Necr           0%         N/A       100%        5


Dungeon Overview and Level Annotations

Branches:
Dungeon (5/15)             Temple (1/1) D:4

Altars:
Ashenzari
Cheibriados
Dithmenos
Gozag
Hepliaklqana
Kikubaaqudgha
Makhleb
Okawaru
Qazlal
Ru
Sif Muna
Trog
Uskayaw
Wu Jian
Xom
Yredelemnul
Zin

Shops:
D:7 (*


Message History

The orc priest is almost dead.
A bullfrog comes into view.
You puncture the orc priest!
You kill the orc priest!
The orc warrior closely misses you.
Throw: 3 darts (poison)
Press: ? - help, Q - select action, (/) - cycle Shift-Dir - straight line, f/p - orc warrior
Aim: an orc warrior, wielding a +0 trident and wearing a +0 chain mail (moderately wounded, poisoned, 67% to hit)
You throw a poisoned dart. The poisoned dart hits the orc warrior.
The orc warrior looks even sicker.
The orc warrior is moderately wounded.
The orc barely misses you. The orc warrior barely misses you.
The orc hits you with a +0 hand axe. The orc warrior closely misses you.
The orc attacks as you move away! The orc closely misses you.
The orc attacks as you move away! The orc hits you with a +0 hand axe.
You hit the orc.
The orc is severely wounded.
You closely miss the orc.
The orc is severely wounded.
The orc hits you but does no damage.
The orc warrior hits you from afar with a +0 trident.
* * * LOW HITPOINT WARNING * * *
Okay, then.
Throw: 2 darts (poison)
Press: ? - help, Q - select action, (/) - cycle Shift-Dir - straight line, f/p - orc warrior
Aim: an orc warrior, wielding a +0 trident and wearing a +0 chain mail (heavily wounded, poisoned, 67% to hit)
You throw a poisoned dart. The poisoned dart hits the orc.
The orc is poisoned.
The orc is severely wounded.
The orc barely misses you.
The orc warrior hits you from afar with a +0 trident!
* * * LOW HITPOINT WARNING * * *
You completely miss the orc.
The orc is severely wounded.
It was a potion of degeneration.
There was something very wrong with that liquid.
You feel weakened.
You feel dopey.
You feel clumsy. The orc hits you with a +0 hand axe.
* * * LOW HITPOINT WARNING * * *
The orc warrior hits you from afar with a +0 trident.
You die...

#...##### #...#...
#..(#.# #.)).#
##..###... #F∩......
#o####### #o# #@#
######'## #.......#
#.......## #........#
##...... #........#
#........
#........####........
#........##..........
#........##..........


You could see an orc warrior (poisoned), a bullfrog and an orc (poisoned).

Vanquished Creatures
  Sigmund (D:2)
  Menkaure (D:4)
  A water moccasin (D:4)
  2 phantoms
  2 scorpions
  A hound (D:4)
  2 orc priests
  3 jellies
  An iguana (D:2)
  A sleepcap (D:4)
  2 orc wizards (D:5)
  7 gnolls
  8 adders
  3 dart slugs
  7 orcs
  3 ball pythons
  8 endoplasms
  4 giant cockroaches
  9 goblins
  4 hobgoblins
  2 jackals (D:1)
  4 kobolds
  6 quokkas
  7 bats
  3 frilled lizards
  4 rats
96 creatures vanquished.

Notes
Turn   | Place    | Note
-------+----------+-------------------------------------------
     0 | D:1      | Borgoz the Human Gladiator began the quest for the Orb.
     0 | D:1      | Reached XP level 1. HP: 16/16 MP: 1/1
    45 | D:1      | Reached XP level 2. HP: 20/22 MP: 2/2
   218 | D:1      | Reached skill level 1 in Armour
   260 | D:1      | Reached XP level 3. HP: 28/28 MP: 3/3
  1018 | D:2      | Found a faded altar of an unknown god.
  1073 | D:2      | Reached XP level 4. HP: 34/34 MP: 4/4
  1172 | D:2      | HP: 1/34 [iguana (8)]
  1176 | D:2      | Reached skill level 1 in Stealth
  1323 | D:2      | Reached XP level 5. HP: 40/40 MP: 5/5
  1334 | D:2      | Identified the +0 ring mail of Yredelemnul's Envy {Str+3
                  | Stlth+}
  1443 | D:2      | Noticed Sigmund
  1541 | D:2      | Killed Sigmund
  1542 | D:2      | Reached XP level 6. HP: 33/47 MP: 6/6
  2228 | D:3      | Reached XP level 7. HP: 50/52 MP: 7/7
  2293 | D:3      | Identified the +0 ring mail of Omoc Nar {rN+ Str+5}
  2649 | D:3      | Reached skill level 1 in Shields
  2951 | D:4      | Noticed a water moccasin
  2964 | D:4      | Killed a water moccasin
  3330 | D:4      | Found a staircase to the Ecumenical Temple.
  3384 | Temple   | Entered the Ecumenical Temple
  3424 | D:4      | Noticed Menkaure
  3433 | D:4      | Killed Menkaure
  3434 | D:4      | Reached XP level 8. HP: 18/60 MP: 8/8
  4034 | D:5      | Entered Level 5 of the Dungeon
  4185 | D:5      | You fall into a shaft and drop 2 floors!
  4208 | D:7      | Reached skill level 5 in Short Blades
  4243 | D:7      | Reached skill level 5 in Dodging
  4261 | D:7      | Found Hutiarosae's Assorted Antiques.
  4275 | D:7      | Found Qunaemmi's Antique Weapon Shoppe.
  4298 | D:7      | HP: 2/61 [orc/+0 hand axe (4)]
  4298 | D:7      | Slain by an orc warrior

Illustrated notes

Levels and vault maps discovered:
D:1:      co_arrival_square_in_a_square_in_a_square, layout_basic,
          minmay_fountain_box
D:2:      layout_basic, shapermc_ecumenical_altar_gd, uniq_sigmund
D:3:      layout_loops_cross
D:4:      layout_cave_pools, temple_hall, serial_forest,
          infiniplex_forest_clump_curved, infiniplex_forest_end_3,
          infiniplex_forest_clump_small, infiniplex_forest_straight_4,
          infiniplex_forest_zigzag_2, infiniplex_forest_join,
          infiniplex_forest_lined_3, infiniplex_forest_straight_2,
          infiniplex_forest_clump_curved, uniq_menkaure
D:5:      layout_basic, serial_corexii_hall, chequers_hall_statues_corner_a,
          corexii_hall_statues_x
D:7:      layout_basic, serial_shops, shop, shop, shop, shop_scrolls, shop,
          minmay_misc_feat_more_columns, uniq_maggie
Temple:   sentei_temple_godly_chess

Skill      XL: |  1  2  3  4  5  6  7  8 |
---------------+-------------------------+-----
Armour         | 1 2 3 |  3.9
Stealth        | 1 2 3 |  3.9
Fighting       | 3 4 |  4.5
Short Blades   | 4 5 |  5.1
Dodging        | 4 5 |  5.1
Shields        | 2 |  2.7
Throwing       | |  2.0

Action                     |  1- 3 |  4- 6 |  7- 9 || total
---------------------------+-------+-------+-------++-------
  Melee: Rapier            |   114 |    99 |    51 ||   264
         Short sword       |       |       |   103 ||   103
  Throw: Throwing net      |       |     5 |       ||     5
         Dart              |       |       |     6 ||     6
  Evoke: Wand              |       |       |     2 ||     2
    Use: Scroll            |       |     6 |     1 ||     7
         Potion            |       |     1 |     3 ||     4
   Stab: Held in net/web   |       |     4 |       ||     4
         Sleeping          |       |     1 |     7 ||     8
 Armour: Leather armour    |    37 |     8 |       ||    45
         Ring mail         |       |    18 |    32 ||    50
         Skin              |       |       |     4 ||     4
  Dodge: Dodged            |    89 |    62 |    66 ||   217
  Block: Buckler           |       |     9 |    21 ||    30
